 Dungeon Crawl Stone Soup version 0.29-a0-334-gb41bcbb86e (webtiles) character file.

Game seed: 5637847970971670956

122777 zishaf the Hand of Fortune (level 17, -4/130 (146) HPs)
             Began as a Human Wanderer on Apr 14, 2022.
             Was the Champion of Nemelex Xobeh.
             Slain by Asterion
             ... wielding a +1 demon whip of venom
              (14 damage)
             ... on level 2 of the Spider Nest.
             The game lasted 01:30:58 (43521 turns).

zishaf the Hand of Fortune (Human Wanderer)        Turns: 43521, Time: 01:31:04

HP:   -4/130 (146)  AC: 19    Str: 19    XL:     17   Next: 43%
MP:   0/24          EV: 12    Int: 17    God:    Nemelex Xobeh [******]
Gold: 2479          SH: 11    Dex: 23    Spells: 18/18 levels left

rFire   . . .      SeeInvis .   L - +5 broad axe (vorpal)
rCold   . . .      Faith    .   g - +0 kite shield
rNeg    . . .      Spirit   +   b - +3 scale mail
rPois   +          Reflect  .   f - +0 helmet
rElec   +          Harm     .   G - +0 cloak
rCorr   +          Rampage  .   k - +2 pair of gloves
Will    ++...                   B - +1 pair of boots of a volcano {Fly rCorr Stlth-}
Stlth   ..........              P - amulet of guardian spirit
HPRegen 0.31/turn               l - ring of poison resistance
MPRegen 0.19/turn               U - ring of the Establishment {rElec Will+ Str+2 Int+3 Dex+6}

@: mighty, lethally poisoned (-4 -> -16), flying, heavily drained
A: agile 1, low MP 2, MP-powered wands
a: Renounce Religion, Draw Escape, Draw Destruction, Draw Summoning, Draw Stack,
Triple Draw, Deal Four, Stack Five


You were on level 2 of the Spider Nest.
You worshipped Nemelex Xobeh.
Nemelex Xobeh was exalted by your worship.
You visited 5 branches of the dungeon, and saw 26 of its levels.
You also visited: Sewer, Bailey, Gauntlet and Ice Cave.

You collected 3102 gold pieces.
You spent 623 gold pieces at shops.

Inventory:

Hand Weapons
 L - a +5 vorpal broad axe (weapon)
Missiles
 s - 9 javelins (quivered)
 z - 3 silver boomerangs
 Q - 4 throwing nets
Armour
 b - a +3 scale mail (worn)
 f - a +0 helmet (worn)
 g - a +0 kite shield (worn)
 k - a +2 pair of gloves (worn)
 B - the +1 pair of boots of a volcano (worn) {Fly rCorr Stlth-}
   (You found it on level 6 of the Dungeon)

   Fly:       It grants you flight.
   rCorr:     It protects you from acid and corrosion.
   Stlth:     It makes you less stealthy.
 G - a +0 cloak (worn)
Jewellery
 a - a ring of protection from fire
 l - a ring of poison resistance (left hand)
 n - a ring of resist corrosion
 t - a ring of ice
 M - a ring of willpower
 P - an amulet of guardian spirit (around neck)
 S - a ring of see invisible
 U - the ring of the Establishment (right hand) {rElec Will+ Str+2 Int+3 Dex+6}
   (You took it off a minotaur in a Gauntlet)

   [ring of dexterity]

   Str:       It affects your strength (+2).
   Int:       It affects your intelligence (+3).
   Dex:       It affects your dexterity (+6).
   rElec:     It insulates you from electricity.
   Will:      It increases your willpower.
Wands
 e - a wand of polymorph (20)
 r - a wand of paralysis (29)
 I - a wand of flame (19)
 J - a wand of digging (28)
 O - a wand of iceblast (6)
 W - a wand of mindburst (5)
 Y - a wand of acid (7)
Scrolls
 c - 19 scrolls of teleportation
 q - 4 scrolls of fog
 u - 7 scrolls of enchant armour
 y - 5 scrolls of identify
 C - 4 scrolls of blinking
 F - 4 scrolls of fear
 K - 3 scrolls of magic mapping
 T - a scroll of summoning
Potions
 d - 4 potions of might
 h - 6 potions of brilliance
 i - 4 potions of invisibility
 j - a potion of flight
 m - 6 potions of heal wounds
 o - 15 potions of curing
 p - 6 potions of lignification
 v - 3 potions of resistance
 w - 2 potions of ambrosia
 x - 8 potions of cancellation
 D - 5 potions of berserk rage
 E - 3 potions of haste
 H - 2 potions of mutation
 X - a potion of magic
Miscellaneous
 N - a lightning rod (4/4)
 R - a condenser vane
 V - a box of beasts


   Skills:
 + Level 16.6 Fighting
 + Level 14.6 Axes
 - Level 1.8(9.8) Polearms
 - Level 2.6(3.0) Staves
 - Level 1.0 Throwing
 - Level 8.0 Armour
 - Level 6.0 Dodging
 - Level 5.0 Shields
 - Level 1.0 Spellcasting
 + Level 18.1 Invocations
 - Level 6.0 Evocations


You had 18 spell levels left.
You didn't know any spells.
Your spell library contained the following spells:

 Spells                   Type           Power      Damage    Failure   Level
 Animate Skeleton         Necr           0%         N/A       85%         1
 Beastly Appendage        Tmut           0%         N/A       85%         1
 Pain                     Necr           0%         1d4       85%         1
 Corpse Rot               Necr/Air       0%         N/A       94%         2
 Poisonous Vapours        Pois/Air       0%         N/A       94%         2
 Wereblood                Tmut           0%         N/A       94%         2
 Spider Form              Tmut/Pois      0%         N/A       99%         3
 Tukima's Dance           Hex            0%         N/A       99%         3
 Vampiric Draining        Necr           0%         2d6       99%         3
 Passage of Golubria      Tloc           0%         N/A       100%        4
 Agony                    Necr           0%         N/A       100%        5
 Excruciating Wounds      Necr           0%         N/A       100%        5
 Yara's Violent Unravell  Hex/Tmut       0%         3d3       100%        5
 Dispersal                Tloc           0%         N/A       100%        6
 Disjunction              Tloc           0%         N/A       100%        8


Dungeon Overview and Level Annotations

Branches:
Dungeon (15/15)            Temple (1/1) D:5            Lair (6/6) D:10
 Shoals (0/4) Lair:3       Spider (2/4) Lair:4        Slime (0/5) Lair:5
    Orc (2/2) D:10            Elf (0/3) Orc:2        Vaults (0/5) D:14
 Depths (0/4) D:15          Sewer (visited)          Bailey (visited)
  IceCv (visited)         Gauntlet (visited)

Altars:
Cheibriados
Dithmenos
Elyvilon
Fedhas
Hepliaklqana
Makhleb
Nemelex Xobeh
Qazlal
Ru
Sif Muna
Uskayaw
Vehumet
Wu Jian
Xom
Yredelemnul
The Shining One
Beogh
Jiyva

Shops:
D:2 *   D:8 (   D:11 :   D:12 (   Orc:1 **   Orc:2 (=([?

Annotations:
D:10 dig vault
Spider:2 Asterion
Orc:1 3 runed translucent doors, HuGe's ghost, journeyman MiBe


Innate Abilities, Weirdness & Mutations

You are agile. (Dex +2)
Your magical capacity is very low. (-20% MP)
You expend magic power (3 MP) to strengthen your wands.


Message History

Asterion utters an invocation to Makhleb.
Asterion seems to speed up.
You slice Asterion!!
Asterion is heavily wounded.
You block Asterion's attack. x2
You slice Asterion!!
Asterion is severely wounded.
Asterion hits you but does no damage.
You are poisoned.
Asterion gores you!
Asterion hits you with a +1 demon whip of venom!
You are more poisoned.
You block Asterion's attack.
You slice Asterion!!
Asterion is almost dead.
You feel extremely sick. You block Asterion's attack. Asterion gores you!
Asterion blocks your attack.
Asterion is almost dead.
You feel extremely sick.
Asterion conjures a destructive force in the name of Makhleb!
The bolt of negative energy hits you!!
You feel drained. You block Asterion's attack. Asterion gores you!
Asterion blocks your attack.
Asterion is almost dead.
You feel very sick.
Asterion mumbles some strange prayers to Makhleb.
Asterion blocks your attack.
Asterion is almost dead.
You feel very sick.
Asterion hits you with a +1 demon whip of venom!!
* * * LOW HITPOINT WARNING * * *
You block Asterion's attack. x2; Asterion barely misses you.
You hit Asterion.
Asterion is almost dead.
* * * LOW HITPOINT WARNING * * *
You feel very sick.
Asterion hits you with a +1 demon whip of venom!!
You die...
Your body glows with a rainbow of weird colours and disappears.

. .. ... ... ^.
#######
..###.#..##.##
.........#...###
.......#......^#
.....#.#...<@^#.#
.....#.......H.#
.......>.....2.#
.......#...##..#
##.#.......^####
........###.#
...##.... ..# ...
#.#.. ## .. ....#


You could see Asterion (fast) and a blizzard demon (summoned).

Vanquished Creatures
  Kirke (D:14)
  A broodmother (Spider:1)
  An entropy weaver (Spider:1)
  A minotaur (Gauntlet)
  A spark wasp (Lair:3)
  Josephine (D:12)
  4 hydras
  6 vault guards
  A merfolk avatar (Lair:6)
  A jorogumo (Spider:1)
  3 radroaches (Spider:1)
  4 ogre magi
  3 boulder beetles
  9 centaur warriors
  18 two-headed ogres
  A tengu warrior (D:14)
  2 skeletal warriors
  A pharaoh ant (Spider:1)
  A goliath frog (Lair:2)
  A flayed ghost (D:15)
  A spark wasp zombie (D:15)
  2 steelbarb worms
  Lodul (D:13)
  4 deep trolls
  3 orb spiders
  4 lindwurms (Lair:6)
  A necromancer (D:15)
  Pikel (D:8)
  A swamp dragon (D:12)
  A deep elf archer (D:14)
  A wizard (D:14)
  A harpy (Lair:5)
  7 ugly things
  A fire giant zombie (D:15)
  6 cyclopes
  5 wolf spiders (Spider:1)
  3 manticores
  5 deep elf pyromancers
  2 oklob plants (Lair:5)
  An orc sorcerer (Orc:1)
  6 elephants
  Joseph (D:15)
  5 torpor snails
  A black mamba (shapeshifter) (D:13)
  5 black mambas
  13 cane toads
  3 gargoyles (D:12)
  2 efreet (D:13)
  5 komodo dragons
  2 unseen horrors
  2 rime drakes (Lair:5)
  2 demonic crawlers
  2 polar bears
  A hornet (D:8)
  10 trolls
  A wolf spider simulacrum (D:13)
  5 tarantellas
  An ettin zombie (D:15)
  20 blink frogs
  8 slime creatures
  A snapping turtle (Lair:6)
  A raiju (Gauntlet)
  2 culicivoras (Spider:1)
  10 flying skulls (Gauntlet)
  5 jumping spiders (Spider:1)
  A spriggan skeleton (D:15)
  A shadow (D:11)
  3 wyverns
  32 yaks
  2 vampires (D:11)
  7 wraiths
  3 basilisks
  A golden eye (shapeshifter) (D:13)
  2 humans
  4 steam dragons
  3 hogs (D:12)
  29 redbacks
  3 wargs
  2 acid dragons
  18 water moccasins
  A sky beast (D:5)
  8 orc warriors
  2 ice beasts
  2 black bears
  3 boggarts (D:13)
  21 ogres
  7 wolves
  36 centaurs
  A phantom (D:4)
  A kobold brigand (D:8)
  10 bullfrogs
  4 necrophages
  4 scorpions
  3 wights (D:9)
  5 killer bees
  2 howler monkeys
  6 electric eels
  3 lava snakes (Lair:4)
  A hound (D:12)
  10 orc priests
  7 jellies
  4 iguanas
  Terence (D:1)
  3 gnoll shamans
  10 orc wizards
  A wolf simulacrum (IceCv)
  Robin (D:2)
  17 gnolls
  19 adders
  A shadow imp (D:6)
  2 white imps
  3 ufetubi
  6 worms
  2 dart slugs (D:1)
  36 orcs
  22 endoplasms
  11 giant cockroaches
  16 goblins
  15 hobgoblins
  10 jackals
  12 quokkas
  13 ball pythons
  10 bats
  11 frilled lizards
  14 kobolds
  5 rats
  7 bushes (Lair:5)
726 creatures vanquished.

Vanquished Creatures (collateral kills)
  Snorg (Lair:4)
  A vault guard (Bailey)
  Harold (D:11)
  A hydra (Lair:4)
  A boulder beetle (Lair:6)
  3 two-headed ogres
  Sonja (Lair:1)
  Nergalle (D:12)
  A sea snake (Lair:6)
  A skeletal warrior (D:14)
  2 cyclopes (D:12)
  2 ice statues (IceCv)
  A freezing wraith (IceCv)
  A queen bee (Gauntlet)
  A polar bear (Lair:4)
  A hornet (Lair:6)
  Prince Ribbit (Bailey)
  A blink frog (Lair:6)
  4 flying skulls (Gauntlet)
  A shadow (D:10)
  3 yaks (D:10)
  A human (Bailey)
  A warg (Orc:1)
  An acid dragon (D:10)
  2 water moccasins (Lair:4)
  An orc warrior (Orc:1)
  4 wolves (Lair:4)
  An ogre (Orc:1)
  2 centaurs
  A cane toad simulacrum (IceCv)
  A bullfrog (Bailey)
  3 killer bees (Gauntlet)
  A polar bear simulacrum (IceCv)
  2 gnolls (D:12)
  8 orcs
59 creatures vanquished.

Vanquished Creatures (others)
  A two-headed ogre (D:12)
  An ugly thing (IceCv)
  A hog (D:13)
  A boggart (D:13)
  An orc wizard (Orc:1)
  3 bushes
  65 fungi
  68 plants
  10 toadstools (D:3)
  12 withered plants (D:15)
163 creatures vanquished.

Grand Total: 948 creatures vanquished

Notes
Turn   | Place    | Note
-------+----------+-------------------------------------------
     0 | D:1      | zishaf the Human Wanderer began the quest for the Orb.
     0 | D:1      | zishaf set off with the following items: a +0 quarterstaff,
                  | a +2 scale mail, a scroll of teleportation, a potion of
                  | might
     0 | D:1      | Reached XP level 1. HP: 13/13 MP: 2/2
   308 | D:1      | Reached skill level 1 in Fighting
   308 | D:1      | Reached XP level 2. HP: 21/21 MP: 3/3
   661 | D:1      | Reached XP level 3. HP: 23/26 MP: 4/4
  1125 | D:1      | Reached skill level 1 in Shields
  1189 | D:1      | Found a faded altar of an unknown god.
  1423 | D:2      | Noticed Terence
  1436 | D:1      | Killed Terence
  1437 | D:1      | Reached XP level 4. HP: 31/34 MP: 5/5
  1953 | D:2      | Reached XP level 5. HP: 39/39 MP: 6/6
  1963 | D:2      | Noticed Robin
  1969 | D:2      | Killed Robin
  2002 | D:2      | Found Apsoleof's Assorted Antiques.
  2200 | D:3      | Reached skill level 1 in Polearms
  2606 | D:3      | Reached XP level 6. HP: 9/47 MP: 7/7
  2944 | D:3      | Found a snail-covered altar of Cheibriados.
  3067 | D:3      | Found a white marble altar of Elyvilon.
  3072 | D:3      | Found a shadowy altar of Dithmenos.
  3080 | D:3      | Found a hide-covered altar of Uskayaw.
  3099 | D:3      | Found a hazy altar of Hepliaklqana.
  3101 | D:3      | Found an ornate altar of the Wu Jian Council.
  3268 | D:3      | Found a glowing golden altar of the Shining One.
  3896 | D:4      | Reached XP level 7. HP: 54/54 MP: 8/8
  4271 | D:4      | Identified the +9 quarterstaff "Kaodgh" {spect, rElec
                  | Int+2}
  4669 | D:4      | Reached skill level 5 in Fighting
  5095 | D:5      | Entered Level 5 of the Dungeon
  5134 | D:5      | Reached XP level 8. HP: 64/64 MP: 9/9
  5135 | D:5      | Found a staircase to the Ecumenical Temple.
  5144 | Temple   | Entered the Ecumenical Temple
  5214 | Temple   | Became a worshipper of Nemelex Xobeh the Trickster
  5291 | D:5      | Identified the +1 leather armour of the Soft God {rN+}
  5298 | D:5      | Reached skill level 1 in Invocations
  5520 | D:5      | Reached skill level 2 in Invocations
  5551 | D:5      | Reached skill level 3 in Invocations
  5648 | D:5      | Reached skill level 4 in Invocations
  5974 | D:6      | Reached * piety under Nemelex Xobeh
  6010 | D:6      | Received a gift from Nemelex Xobeh
  6040 | D:6      | Identified the +1 pair of boots of a volcano {Fly rCorr
                  | Stlth-}
  6087 | D:6      | Reached skill level 5 in Invocations
  6088 | D:6      | Reached XP level 9. HP: 52/72 MP: 12/12
  6104 | D:6      | Found a glowing drain.
  6116 | Sewer    | Entered a sewer
  6370 | Sewer    | Reached skill level 6 in Invocations
  6529 | D:6      | Reached ** piety under Nemelex Xobeh
  6529 | D:6      | Received a gift from Nemelex Xobeh
  7382 | D:7      | Noticed a komodo dragon
  7387 | D:7      | Killed a komodo dragon
  7388 | D:7      | Reached skill level 7 in Invocations
  7529 | D:7      | Received a gift from Nemelex Xobeh
  7763 | D:7      | Reached *** piety under Nemelex Xobeh
  7825 | D:8      | Noticed Pikel
  7829 | D:8      | Noticed a hornet
  7834 | D:8      | Killed Pikel
  7835 | D:8      | Reached skill level 8 in Invocations
  7835 | D:8      | Reached XP level 10. HP: 67/80 MP: 13/16
  7976 | D:8      | Noticed a deep elf pyromancer
  7982 | D:8      | Killed a deep elf pyromancer
  8116 | D:8      | Found a flagged portal.
  8229 | Bailey   | Entered a bailey
  8325 | Bailey   | Reached skill level 9 in Invocations
  8531 | Bailey   | Noticed Prince Ribbit
  8531 | Bailey   | Noticed a vault guard
  8537 | Bailey   | Killed Prince Ribbit
  8538 | Bailey   | Reached skill level 5 in Dodging
  8539 | Bailey   | Killed a vault guard
  8581 | Bailey   | Noticed a vault guard
  8599 | Bailey   | Killed a vault guard
  8600 | Bailey   | Reached XP level 11. HP: 62/87 MP: 18/18
  8816 | D:8      | Found Ynukheb's Antique Weapon Emporium.
  8857 | D:8      | Reached skill level 10 in Invocations
  9863 | D:9      | Received a gift from Nemelex Xobeh
  9954 | D:9      | Found a radiant altar of Vehumet.
  9957 | D:9      | Found a sacrificial altar of Ru.
  9958 | D:9      | Found a shimmering blue altar of Sif Muna.
  9958 | D:9      | Found a burning altar of Makhleb.
  9961 | D:9      | Found a basalt altar of Yredelemnul.
  9963 | D:9      | Found a stormy altar of Qazlal.
 10007 | D:10     | Entered Level 10 of the Dungeon
 10013 | D:10     | Reached skill level 1 in Axes
 10013 | D:10     | Found a staircase to the Orcish Mines.
 10337 | D:10     | Noticed a manticore
 10346 | D:10     | Killed a manticore
 10347 | D:10     | Noticed a soul eater
 10634 | D:10     | Received a gift from Nemelex Xobeh
 10762 | D:10     | Reached **** piety under Nemelex Xobeh
 10954 | D:10     | Noticed a fire dragon
 10963 | D:10     | Noticed a red ugly thing
 10965 | D:10     | Noticed a cyclops
 11116 | D:10     | Found a staircase to the Lair.
 12015 | D:11     | Reached skill level 11 in Invocations
 12060 | D:11     | Noticed Harold
 12060 | D:11     | Noticed a two-headed ogre
 12066 | D:11     | Killed Harold
 12067 | D:11     | Reached skill level 5 in Axes
 12067 | D:11     | Reached XP level 12. HP: 80/97 MP: 9/20
 12073 | D:11     | Killed a two-headed ogre
 12074 | D:11     | Reached skill level 10 in Fighting
 12128 | D:11     | Found a gate leading to a gauntlet.
 12134 | Gauntlet | Entered a Gauntlet
 12134 | Gauntlet | Found a transporter.
 12137 | Gauntlet | Found a transporter.
 12139 | Gauntlet | Found a transporter.
 12155 | Gauntlet | Found a transporter.
 12156 | Gauntlet | Found a transporter.
 12158 | Gauntlet | Noticed a green death
 12165 | Gauntlet | Found a transporter.
 12181 | Gauntlet | Found a transporter.
 12190 | Gauntlet | Found a runed translucent door.
 12191 | Gauntlet | Found a transporter.
 12192 | Gauntlet | Found a runed translucent door.
 12192 | Gauntlet | Noticed a death drake
 12196 | Gauntlet | Found a transporter.
 12196 | Gauntlet | Found a transporter.
 12216 | Gauntlet | Found a transporter.
 12216 | Gauntlet | Noticed a quicksilver ooze
 12230 | Gauntlet | Found a transporter.
 12233 | Gauntlet | Found a runed translucent door.
 12241 | Gauntlet | Found a transporter.
 12241 | Gauntlet | Received a gift from Nemelex Xobeh
 12246 | Gauntlet | Found a transporter.
 12583 | Gauntlet | Identified the ring "Wufuzue" {MP+9 Int+7 Dex-5}
 12910 | Gauntlet | Identified the ring of the Establishment {rElec Will+ Str+2
                  | Int+3 Dex+6}
 12910 | Gauntlet | Noticed a minotaur
 12911 | Gauntlet | Identified the +0 hand axe "Ontuash" {elec, Will+ Int-5
                  | Dex+6}
 12931 | Gauntlet | Killed a minotaur
 12932 | Gauntlet | Reached skill level 12 in Invocations
 12945 | Gauntlet | Identified the +0 dagger "Anykk" {elec, rPois MP+9}
 13267 | D:11     | Found a viscous altar of Jiyva.
 13545 | D:11     | Found Xiots's Book Boutique.
 13955 | D:11     | Received a gift from Nemelex Xobeh
 14023 | D:12     | Noticed a two-headed ogre
 14067 | D:12     | Noticed a two-headed ogre
 14071 | D:12     | Killed a two-headed ogre
 14155 | D:12     | Noticed Josephine
 14177 | D:12     | Killed Josephine
 14185 | D:12     | Reached XP level 13. HP: 58/104 MP: 12/22
 14469 | D:12     | Found Woluuthra's Weapon Boutique.
 14653 | D:12     | Received a gift from Nemelex Xobeh
 14802 | D:12     | Reached ***** piety under Nemelex Xobeh
 14815 | D:12     | Reached skill level 13 in Invocations
 15079 | D:12     | Noticed Nergalle
 15103 | D:12     | Killed Nergalle
 15274 | D:12     | Noticed a centaur warrior
 15283 | D:12     | Killed a centaur warrior
 15550 | D:12     | Noticed a centaur warrior
 15558 | D:12     | Killed a centaur warrior
 16468 | Orc:1    | Entered Level 1 of the Orcish Mines
 16985 | Orc:1    | Found Qalai's General Store.
 16989 | Orc:1    | Found Womisium's Specific Store.
 17073 | Orc:1    | Found a runed translucent gate.
 17073 | Orc:1    | Identified the +8 plate armour of Miynkef {Will+}
 17073 | Orc:1    | Identified the amulet of Makhleb's Fury {Regen+ Int+2}
 17075 | Orc:1    | Found a runed translucent gate.
 17075 | Orc:1    | Found a runed translucent gate.
 17090 | Orc:1    | Noticed HuGe's ghost (journeyman MiBe)
 17198 | Orc:2    | Entered Level 2 of the Orcish Mines
 17607 | Orc:2    | Found Acai's Magic Scroll Boutique.
 17842 | Orc:1    | Reached skill level 14 in Invocations
 18257 | Orc:1    | Reached XP level 14. HP: 63/116 MP: 14/24
 18471 | Orc:1    | Reached skill level 5 in Shields
 18757 | Orc:2    | Reached skill level 10 in Axes
 18811 | Orc:2    | Paralysed by an ogre mage for 6 turns
 20129 | Orc:2    | Found Zistre's Weapon Shoppe.
 20130 | Orc:2    | Found Fauclasch's Jewellery Shoppe.
 20556 | Orc:2    | Found Xifykab's Armour Shop.
 20556 | Orc:2    | Found a staircase to the Elven Halls.
 20562 | Orc:2    | Found Juur's Weapon Emporium.
 20704 | Orc:1    | Bought 2 potions of might for 128 gold pieces
 20928 | D:2      | Bought a pair of glowing gloves for 195 gold pieces
 21142 | Lair:1   | Entered Level 1 of the Lair of Beasts
 21142 | Lair:1   | Received a gift from Nemelex Xobeh
 21666 | Orc:2    | Bought a ring of poison resistance for 300 gold pieces
 21791 | Lair:1   | Found a snail-covered altar of Cheibriados.
 21969 | Lair:1   | Noticed Sonja
 21977 | Lair:1   | Killed Sonja
 22085 | Lair:1   | Reached skill level 15 in Invocations
 22711 | Lair:2   | Received a gift from Nemelex Xobeh
 23589 | Lair:3   | Found a staircase to the Shoals.
 24422 | Lair:3   | Noticed a spark wasp
 24422 | Lair:3   | a seven-headed hydra changed into a spark wasp
 24433 | Lair:3   | Killed a spark wasp
 24626 | Lair:3   | Received a gift from Nemelex Xobeh
 25181 | Lair:4   | Found a frozen archway.
 25191 | IceCv    | Entered an ice cave
 25197 | IceCv    | Reached skill level 1 in Evocations
 25199 | IceCv    | Found a transporter.
 25213 | IceCv    | Found a transporter.
 25214 | IceCv    | Received a gift from Nemelex Xobeh
 25222 | IceCv    | Reached XP level 15. HP: 122/126 MP: 24/26
 25336 | Lair:4   | Found a hole to the Spider Nest.
 25860 | Lair:4   | Found a glowing golden altar of the Shining One.
 26200 | Lair:4   | Noticed Snorg
 26210 | Lair:4   | Killed Snorg
 26904 | Lair:5   | Found a staircase to the Slime Pits.
 28298 | Lair:5   | Received a gift from Nemelex Xobeh
 29032 | Lair:5   | Reached skill level 16 in Invocations
 29173 | Lair:6   | Entered Level 6 of the Lair of Beasts
 30346 | Lair:6   | Received a gift from Nemelex Xobeh
 30709 | Lair:6   | Reached skill level 5 in Evocations
 31478 | Lair:6   | Reached XP level 16. HP: 134/134 MP: 28/28
 31482 | Lair:6   | Reached skill level 15 in Fighting
 32276 | D:13     | Noticed Kirke
 32450 | D:13     | Received a gift from Nemelex Xobeh
 32527 | D:14     | Identified the -1 hand axe "Dar Komp" {holy, rPois MP+9
                  | Str+4 Dex+3}
 32934 | D:14     | Killed Kirke
 33398 | D:13     | Noticed Lodul
 33416 | D:13     | Killed Lodul
 34161 | D:13     | Noticed Rupert
 34167 | D:13     | Noticed Rupert
 34167 | D:13     | Rupert changed into Rupert the azure jelly
 34168 | D:13     | Noticed Rupert
 34168 | D:13     | Rupert the azure jelly changed into Rupert the steelbarb
                  | worm
 34181 | D:13     | Killed Rupert the steelbarb worm
 35316 | D:14     | Reached skill level 17 in Invocations
 35980 | D:14     | Received a gift from Nemelex Xobeh
 37424 | D:14     | Found a gate to the Vaults.
 37451 | D:15     | Entered Level 15 of the Dungeon
 37472 | D:15     | Found a staircase to the Depths.
 37654 | D:15     | Received a gift from Nemelex Xobeh
 37957 | D:15     | Noticed Joseph
 37969 | D:15     | Killed Joseph
 38715 | D:15     | Reached ****** piety under Nemelex Xobeh
 38715 | D:15     | Received a gift from Nemelex Xobeh
 38913 | D:15     | Reached XP level 17. HP: 125/139 MP: 27/29
 39284 | D:15     | Received a gift from Nemelex Xobeh
 39578 | D:15     | Gained mutation: Your magical capacity is low. (-10% MP)
                  | [potion of mutation]
 39578 | D:15     | Gained mutation: You are agile. (Dex +2) [potion of
                  | mutation]
 39578 | D:15     | Gained mutation: You expend magic power (3 MP) to
                  | strengthen your wands. [potion of mutation]
 39825 | Spider:1 | Entered Level 1 of the Spider Nest
 39939 | Spider:1 | Gained mutation: Your magical capacity is very low. (-20%
                  | MP) [mutagenic glow]
 41928 | Spider:1 | Reached skill level 18 in Invocations
 43308 | Spider:2 | Noticed Asterion
 43521 | Spider:2 | Slain by Asterion

Illustrated notes

Levels and vault maps discovered:
D:1:      sevenhm_arrival_forest_fort_small_3, layout_basic,
          dilly_ecumenical_altar_fadedgnrine
D:2:      layout_basic, serial_shops, nicolae_shop_hallway_plus, uniq_terence,
          uniq_robin
D:3:      cheibrodos_fertilizer, layout_basic, slow_altar_2,
          nicolae_overflow_hallway_of_the_gods, kennysheep_cluttered_room,
          nicolae_wormholes
D:4:      layout_basic, kennysheep_opposing_triangles
D:5:      layout_loops_cross, minmay_temple_entry_crystal_x,
          kennysheep_generic_room_16
D:6:      layout_basic, portal_sewer_entry_d, feat_on_display
D:7:      layout_gridville
D:8:      layout_basic, enter_bailey_6, serial_shops,
          nicolae_shop_overgrown_old_shop, uniq_pikel
D:9:      layout_rooms, minitemple
D:10:     layout_layer_cave, erik_lair_orcish_takeover, david_orc_2,
          st_stairs_14, onia_ninara_dug_in_and_dangerous
D:11:     layout_roguey, gauntlet_entry_generic, nicolae_take_the_stairs,
          jiyva_altar_1, uniq_harold
D:12:     minmay_chambers_of_sevens, layout_basic, serial_shops,
          nicolae_shop_bloodbath_and_beyond, uniq_josephine, uniq_nergalle
D:13:     layout_loops_ring, uniq_kirke, uniq_lodul, uniq_rupert
D:14:     layout_small_grid, grunt_vaults_entry_fortified, moated_statue
D:15:     gammafunk_depths_entry_grave, layout_stronghold, minmay_crystal_water,
          minivault_20, minmay_sticks_and_stones
Temple:   grunt_temple_mini_profane
Lair:1:   layout_chaotic_city, kennysheep_snail_temple, uniq_sonja
Lair:2:   layout_chaotic_city, serial_forest, infiniplex_forest_clump_cross,
          infiniplex_forest_side_room, infiniplex_forest_clump_medium,
          infiniplex_forest_straight_1
Lair:3:   layout_loops_ring, minmay_shoals_entry_centaurs, serial_bayou_shore_b
Lair:4:   layout_cave_shapes, nicolae_spider_entry_orb_guardian,
          portal_ice_cave_entry_pillars_1, basic_altar,
          nicolae_lair_liquid_snakes, uniq_snorg
Lair:5:   layout_loops_ring, minmay_slime_entry_pillars, serial_rivers,
          chequers_serial_rivers_small_3, chequers_serial_rivers_micro_e,
          chequers_serial_rivers_small_3, chequers_serial_rivers_micro_d,
          chequers_serial_rivers_large_b, minmay_lair_oklob_bushes, st_stairs_8,
          infiniplex_staircase_pool
Lair:6:   gammafunk_lair_ancient_temple, layout_cave_pods, minmay_lindwurm_lava
Spider:1: layout_cave_pods, drop_trap
Spider:2: layout_spider_delve, uniq_asterion
Orc:1:    layout_diamond_mine, biasface_ghost_orc_armoury,
          nicolae_specific_store
Orc:2:    st_orc_open, layout_diamond_mine, basic_altar, serial_shops,
          nicolae_shop_trees

Skill      XL: |  1  2  3  4  5  6  7  8  9 10 11 12 13 14 15 16 17 |
---------------+----------------------------------------------------+-----
Fighting       | 1 2 3 4 6 7 8 9 11 12 14 16 | 16.6
Shields        | 1 2 3 4 5 |  5.0
Polearms       | 1 |  1.8
Invocations    | 5 8 9 11 12 14 15 16 17 18 | 18.1
Staves         | 2 |  2.6
Dodging        | 4 5 6 |  6.0
Armour         | 6 7 8 |  8.0
Axes           | 5 7 9 11 12 14 | 14.6
Evocations     | 1 5 6 |  6.0
Throwing       | |  1.0
Spellcasting   | |  1.0

Action                   |  1- 3 |  4- 6 |  7- 9 | 10-12 | 13-15 | 16-18 || total
-------------------------+-------+-------+-------+-------+-------+-------++-------
Melee: Dagger            |    29 |       |       |       |       |       ||    29
       Quarterstaff      |     8 |       |   149 |   276 |    71 |       ||   504
       Spear             |    55 |   310 |   143 |       |       |       ||   508
       Broad axe         |       |       |       |       |   917 |   773 ||  1690
Throw: Javelin           |       |     5 |     2 |       |       |       ||     7
Invok: Draw Destruction  |       |       |     4 |    18 |    34 |    11 ||    67
       Triple Draw       |       |       |     1 |       |     1 |       ||     2
       Draw Summoning    |       |       |       |    10 |     9 |     3 ||    22
       Deal Four         |       |       |       |     1 |     1 |       ||     2
       Draw Stack        |       |       |       |       |     3 |     1 ||     4
       Draw Escape       |       |       |       |       |     2 |     2 ||     4
       Stack Five        |       |       |       |       |     1 |     1 ||     2
Evoke: Wand              |       |       |       |       |     5 |     2 ||     7
       Condenser vane    |       |       |       |       |     1 |       ||     1
  Use: Scroll            |       |     6 |     9 |     7 |    11 |     4 ||    37
       Potion            |       |       |       |     5 |     1 |     3 ||     9
 Stab: Distracted        |       |       |       |       |     4 |       ||     4
       Paralysed         |       |       |       |       |     1 |       ||     1
Armor: Scale mail        |    42 |   101 |   119 |   252 |   494 |   437 ||  1445
       Skin              |       |       |       |    31 |       |       ||    31
Dodge: Dodged            |    39 |   101 |   138 |   264 |   588 |   464 ||  1594
Block: Buckler           |     4 |    45 |    24 |       |       |       ||    73
       Kite shield       |       |       |       |       |   653 |   521 ||  1174

Table legend: (Time is in decaauts)
 A = Elapsed time spent in this place.
 B = Non-inter-level travel time spent in this place.
 C = Inter-level travel time spent in this place.
 D = Time resting spent in this place.
 E = Time spent auto-exploring this place.
 F = Levels seen in this place.
 G = Mean time per level.
                   A        B        C        D        E       F      G
               +--------+--------+--------+--------+--------+-----+--------+
         Total |  43967 |  41682 |   2285 |  15347 |  17489 |  30 | 1465.6 |
       Dungeon |  23995 |  22534 |   1461 |   6824 |  11217 |  15 | 1599.7 |
        Temple |     98 |     71 |     27 |      0 |     56 |   1 |   98.0 |
          Lair |  10530 |   9997 |    533 |   2980 |   4831 |   6 | 1755.0 |
   Spider Nest |   3716 |   3650 |     66 |   2485 |    542 |   2 | 1858.0 |
  Orcish Mines |   3713 |   3517 |    196 |   2099 |    584 |   2 | 1856.5 |
         Sewer |    293 |    293 |      0 |      0 |    136 |   1 |  293.0 |
        Bailey |    522 |    522 |      0 |    233 |    123 |   1 |  522.0 |
      Ice Cave |     65 |     65 |      0 |      0 |      0 |   1 |   65.0 |
      Gauntlet |   1031 |   1031 |      0 |    726 |      0 |   1 | 1031.0 |
               +--------+--------+--------+--------+--------+-----+--------+

Top non-repeatable levels by time:
Spider:1: 3666 daAuts
    D:12: 3398 daAuts
    D:14: 3308 daAuts
  Lair:5: 3181 daAuts
   Orc:1: 2477 daAuts
    D:10: 2472 daAuts
    D:13: 1966 daAuts
    D:15: 1810 daAuts
  Lair:3: 1715 daAuts
  Lair:6: 1677 daAuts
     D:1: 1444 daAuts
  Lair:4: 1422 daAuts
     D:3: 1401 daAuts
     D:4: 1373 daAuts
  Lair:2: 1298 daAuts
